 Dungeon Crawl Stone Soup version 0.21-a0-210-gbfa5647 (webtiles) character file.

935 roguesci the Skirmisher (level 7, -1/60 HPs)
             Began as a Red Draconian Transmuter on Aug 21, 2017.
             Was an Initiate of Gozag.
             Slain by Grinder (5 damage)
             ... on level 5 of the Dungeon.
             The game lasted 00:19:47 (5817 turns).

roguesci the Skirmisher (Red Draconian Transmuter)  Turns: 5817, Time: 00:19:52

Health: -1/60      AC:  8    Str: 16 (18) XL:     7   Next: 87%
Magic:  11/12      EV: 15    Int: 14 (15) God:    Gozag
Gold:   456        SH:  0    Dex: 10 (11) Spells: 9/12 levels left

rFire    + . .     SeeInvis .   y - +0 whip (pain)
rCold    . . .     Gourm    .   (no shield)
rNeg     . . .     Faith    .   (armour unavailable)
rPois    .         Spirit   .   j - +1 hat
rElec    .         Reflect  .   s - scarf {cloud immunity}
rCorr    .         Harm     .   (no gloves)
MR       .....                  r - +0 pair of boots
Stlth    ++........             (no amulet)
HPRegen  0.20/turn              n - +2 ring of evasion
MPRegen  0.13/turn              (no ring)

@: mighty, hasted, very quick
A: breathe fire, unfitting armour, fire resistance 1, cold-blooded, AC +6
a: Breathe Fire, Potion Petition, Call Merchant, Bribe Branch, Renounce Religion


You were on level 5 of the Dungeon.
You worshipped Gozag.
Gozag was aware of your devotion.
You were not hungry.

You visited 2 branches of the dungeon, and saw 6 of its levels.

You collected 523 gold pieces.
You paid 67 gold pieces to Gozag.

Inventory:

Hand Weapons
 y - a +0 whip of pain (weapon)
Missiles
 d - 154 stones (quivered)
Armour
 j - a +1 hat (worn)
 r - a +0 pair of boots (worn)
 s - a scarf of cloud immunity (worn)
Jewellery
 n - a +2 ring of evasion (left hand)
Wands
 a - a wand of digging (17/24)
 o - a wand of acid (9/15)
 p - a wand of enslavement (13/24)
 x - a wand of random effects (20/48)
Scrolls
 e - a scroll of recharging
 l - a scroll of identify
 m - 2 scrolls of teleportation
 v - a scroll of noise
Potions
 f - a potion of haste
 g - a potion of degeneration
 k - a potion of lignification {unknown}
 q - a potion of brilliance {unknown}
 t - a potion of heal wounds {unknown}
 u - a potion of curing {unknown}
Books
 b - a book of Changes

   Spells                             Type                      Level
   a - Beastly Appendage              Transmutation                1
   b - Sticks to Snakes               Transmutation                2
   c - Spider Form                    Transmutation/Poison         3
   d - Ice Form                       Ice/Transmutation            4
   e - Blade Hands                    Transmutation                5
 c - a book of Minor Magic

   Spells                             Type                      Level
   a - Magic Dart                     Conjuration                  1
   b - Blink                          Translocation                2
   c - Call Imp                       Summoning                    2
   d - Slow                           Hexes                        2
   e - Conjure Flame                  Conjuration/Fire             3
   f - Mephitic Cloud                 Conjuration/Poison/Air       3
Comestibles
 i - 2 meat rations


   Skills:
 * Level 4.5 Fighting
 * Level 4.0 Dodging
 + Level 2.6 Stealth
 - Level 3.0 Unarmed Combat
 + Level 3.3 Spellcasting
 * Level 4.2 Transmutations
 * Level 3.6 Poison Magic


You had 9 spell levels left.
You knew the following spells:

 Your Spells              Type           Power        Failure   Level  Hunger
b - Spider Form           Tmut/Pois      ##........   12%         3    ###....


Dungeon Overview and Level Annotations

Branches:
Dungeon (5/15)             Temple (1/1) D:4

Altars:
Ashenzari
Cheibriados
Elyvilon
Fedhas
Gozag
Hepliaklqana
Kikubaaqudgha
Nemelex Xobeh
Okawaru
Qazlal
Ru
Sif Muna
Trog
Vehumet
Wu Jian
Xom
Yredelemnul
Zin
The Shining One

Annotations:
D:5 Grinder


Innate Abilities, Weirdness & Mutations

You can breathe blasts of fire.
Your fiery red scales are hard. (AC +6)
You cannot fit into any form of body armour.
Your flesh is heat resistant. (rF+)
You are cold-blooded and may be slowed by cold attacks.


Message History

You feel immune to the effects of clouds.
Grinder hits you but does no damage.
Grinder says, "DUCK!"
Grinder gestures at you.
You shrug off the repeated paralysis!
You can move again.
It was a potion of haste.
You feel yourself speed up. Grinder hits you.
* * * LOW HITPOINT WARNING * * *
It was a potion of degeneration.
There was something very wrong with that liquid.
You feel weakened.
You feel dopey.
You feel clumsy. Grinder gestures at you.
You shrug off the repeated paralysis!
It was a potion of might.
You feel very mighty all of a sudden. Grinder hits you.
* * * LOW HITPOINT WARNING * * *
You writhe in agony.
You die...
Your body crumbles into a pile of gold.

...#......#
#########.# .# #.#
.# #.# .#
#######.## .#
.......>.# .#
#######.##.#####.#
#.##.......# #.#
##5@.## #.#
##..##.##
#.###.#.###.##.#
#..............#
#.###.##.##.####
#.####.#.#.##
#.........#
###########


You could see Grinder.

Vanquished Creatures
  2 phantoms (D:4)
  An ogre (D:5)
  A howler monkey (D:4)
  A bullfrog skeleton (D:5)
  3 orc priests
  A centaur skeleton (D:4)
  An iguana (D:4)
  6 orc wizards
  4 gnolls
  12 adders
  2 oozes
  4 worms
  3 dart slugs
  3 leopard geckos
  13 orcs
  9 bats
  6 giant cockroaches
  9 goblins
  11 hobgoblins
  14 jackals
  2 quokkas
  2 ball pythons
  5 frilled lizards
  6 kobolds
  10 rats
131 creatures vanquished.

Notes
Turn   | Place    | Note
-------+----------+-------------------------------------------
     0 | D:1      | roguesci the Draconian Transmuter began the quest for the Orb.
     0 | D:1      | Reached XP level 1. HP: 16/16 MP: 3/3
   177 | D:1      | Reached XP level 2. HP: 12/23 MP: 5/5
   660 | D:1      | Reached XP level 3. HP: 27/28 MP: 6/6
  1002 | D:1      | Learned a level 3 spell: Spider Form
  1148 | D:2      | Reached skill level 1 in Stealth
  1153 | D:2      | Reached XP level 4. HP: 9/36 MP: 4/7
  1419 | D:1      | Reached skill level 1 in Poison Magic
  1661 | D:2      | Found a sparkling altar of Nemelex Xobeh.
  2226 | D:3      | Reached XP level 5. HP: 42/42 MP: 4/8
  3190 | D:3      | Found a snail-covered altar of Cheibriados.
  3237 | D:3      | Reached XP level 6. HP: 49/51 MP: 3/10
  3825 | D:4      | Found a staircase to the Ecumenical Temple.
  3846 | Temple   | Entered the Ecumenical Temple
  4083 | Temple   | Became a worshipper of Gozag Ym Sagoz the Greedy
  4357 | D:4      | Found a glowing golden altar of the Shining One.
  4357 | D:4      | Found a sacrificial altar of Ru.
  4456 | D:4      | Your scales start taking on a fiery red colour.
  4456 | D:4      | Reached XP level 7. HP: 31/58 MP: 8/11
  4456 | D:4      | Gained mutation: Your flesh is heat resistant. (rF+) [Red Draconian growth]
  4778 | D:4      | Found a basalt altar of Yredelemnul.
  4778 | D:4      | Found a stormy altar of Qazlal.
  4778 | D:4      | Found a bloodstained altar of Trog.
  4779 | D:4      | Found a deep blue altar of Sif Muna.
  4781 | D:4      | Found an ornate altar of the Wu Jian Council.
  4781 | D:4      | Found a sparkling altar of Nemelex Xobeh.
  5353 | D:5      | Entered Level 5 of the Dungeon
  5462 | D:5      | Found a white marble altar of Elyvilon.
  5792 | D:5      | Noticed Grinder
  5795 | D:5      | Paralysed by Grinder for 3 turns
  5801 | D:5      | Paralysed by Grinder for 5 turns
  5808 | D:5      | Paralysed by Grinder for 6 turns
  5817 | D:5      | Slain by Grinder

Vault maps used:
D:1:      dpeg_arrival_court
D:2:      cheibrodos_greedy_goblins, st_stairs_10, nemelex_dance_club_becter
D:3:      kennysheep_slug_shrine
D:4:      minmay_diamond_boxcup, grunt_temple_overflow_open,
          gammafunk_temple_overflow_wave, minmay_temple_entry_junction,
          minmay_hedge_maze
D:5:      lemuel_crystal_altar, first_bread, hangedman_decor_push,
          uniq_crazy_yiuf_cottage, uniq_grinder
Temple:   jpeg_temple_island

Skill      XL: |  1  2  3  4  5  6  7 |
---------------+----------------------+-----
Dodging        | 2 3 4 |  4.0
Stealth        | 1 2 |  2.6
Fighting       | 2 3 4 |  4.5
Poison Magic   | 1 2 3 |  3.6
Transmutations | 3 4 |  4.2
Spellcasting   | 3 |  3.3
Unarmed Combat | |  3.0

Action                   |  1- 3 |  4- 6 |  7- 9 || total
-------------------------+-------+-------+-------++-------
Melee: Unarmed           |   124 |   249 |    44 ||   417
       Tailslap          |    11 |    15 |    13 ||    39
       Headbutt          |     4 |       |       ||     4
       Kick              |     2 |       |       ||     2
       Punch             |     1 |     1 |     2 ||     4
       Dagger            |       |    44 |    49 ||    93
       Whip              |       |       |    11 ||    11
Throw: Stone             |     8 |    23 |    16 ||    47
       Throwing net      |       |     1 |       ||     1
 Cast: Beastly Appendage |     6 |       |       ||     6
       Spider Form       |     3 |    19 |     5 ||    27
 Abil: End Transformatio |       |     1 |       ||     1
       Breathe Fire      |       |       |     4 ||     4
  Use: Scroll            |       |       |     6 ||     6
       Potion            |       |       |     3 ||     3
 Stab: Sleeping          |     1 |     7 |     2 ||    10
  Eat: Chunk             |     1 |    12 |       ||    13
       Royal jelly       |       |     1 |       ||     1
       Fruit             |       |       |     3 ||     3
       Bread ration      |       |       |     1 ||     1
Armor: Skin              |    33 |    51 |    20 ||   104
Dodge: Dodged            |    96 |   205 |    59 ||   360

Table legend:
 A = Spawn XP
 B = Non-spawn XP
 C = Spawn XP percentage of total XP
 D = Spawn monster count
 E = Non-spawn monster count
 F = Spawn count percentage of total count
 G = Total turns spent on level
                    A         B        C        D         E        F      G
               +---------+---------+-------+---------+---------+-------+---------
         Total |     299 |    1037 |  22.4 |      21 |     110 |  16.0 |  5817
               +---------+---------+-------+---------+---------+-------+---------
           D:1 |       4 |      61 |   6.2 |       3 |      29 |   9.4 |  1346
           D:2 |       2 |     118 |   1.7 |       1 |      28 |   3.4 |   804
           D:3 |     151 |     195 |  43.6 |      13 |      23 |  36.1 |  1406
           D:4 |     142 |     485 |  22.6 |       4 |      21 |  16.0 |  1530
           D:5 |       0 |     178 |   0.0 |       0 |       9 |   0.0 |   464
               +---------+---------+-------+---------+---------+-------+---------
